 Dungeon Crawl Stone Soup version 0.18-a0-312-g61bb5a5 (webtiles) character file.

143 Ace the Skirmisher (level 5, -4/42 HPs)
             Began as a Demonspawn Fighter on Nov 27, 2015.
             Was an Initiate of Yredelemnul.
             Slain by a worm (7 damage)
             ... on level 3 of the Dungeon.
             The game lasted 00:04:26 (3223 turns).

Ace the Skirmisher (Demonspawn Fighter)             Turns: 3223, Time: 00:04:26

Health: -4/42      AC: 10    Str: 18    XL:     5   Next: 4%
Magic:  5/5        EV: 11    Int:  9    God:    Yredelemnul [......]
Gold:   119        SH:  0    Dex: 12    Spells: 0 memorised, 4 levels left

rFire  . . .     SeeInvis .     a - +0 war axe
rCold  + + .     Clarity  .     u - +3 scale mail {rC+}
rNeg   . . .     SustAt   .     (no shield)
rPois  .         Gourm    .     (helmet restricted)
rElec  .         Spirit   .     (no cloak)
rCorr  .         Warding  .     (no gloves)
rMut   .         Stasis   .     (no boots)
MR     .....                    (no amulet)
Stlth  ..........               (no ring)
                                (no ring)

@: not resistant to hostile enchantments, extremely unstealthy
A: antennae 1, repulsion field 1, cold resistance 1
a: Renounce Religion


You were on level 3 of the Dungeon.
You worshipped Yredelemnul.
Yredelemnul was noncommittal.
You were hungry.

You visited 1 branch of the dungeon, and saw 3 of its levels.

You collected 119 gold pieces.

Inventory:

Hand Weapons
 a - a +0 war axe (weapon)
Armour
 b - a +0 scale mail
 p - a +0 helmet
 u - a +3 scale mail of cold resistance (worn)
Jewellery
 n - an uncursed ring of ice
Scrolls
 c - a scroll of fog {unknown}
 f - 2 scrolls of teleportation {unknown}
 g - 3 scrolls of identify {unknown}
 i - a scroll of recharging {unknown}
 j - 2 scrolls of remove curse {unknown}
 k - a scroll of immolation {unknown}
 q - a scroll of enchant weapon {unknown}
 r - a scroll of magic mapping {unknown}
 w - a scroll of noise {unknown}
Potions
 d - 2 potions of might
 h - a potion of beneficial mutation {unknown}
 l - a potion of mutation {unknown}
 o - a potion of brilliance {unknown}
 s - 2 potions of flight {unknown}
 t - a potion of cure mutation {unknown}
 v - a potion of poison {unknown}
Comestibles
 e - 2 bread rations
 m - a fruit


   Skills:
 + Level 4.3 Fighting
 + Level 2.8 Axes
 + Level 3.7 Armour
   Level 2.6 Shields


You had 4 spell levels left.
You didn't know any spells.

Dungeon Overview and Level Annotations

Branches:
Dungeon (3/15)

Altars:
Ashenzari
Yredelemnul
The Shining One


Innate Abilities, Weirdness & Mutations

You have a pair of small antennae on your head.
You are surrounded by a mild repulsion field (EV +2).
Your flesh is cold resistant.


Message History

The worm bites you!
* * * LOW HITPOINT WARNING * * *
Things that are here:
a club; a hobgoblin corpse You hit the orc priest.
The orc priest is lightly wounded.
The orc priest hits you but does no damage. x2
Your scale mail prevents you from hitting the orc priest.
The orc priest is lightly wounded.
The orc priest hits you but does no damage.
You hit the orc priest.
The orc priest is heavily wounded.
You hit the worm.
The worm is heavily wounded.
The orc priest invokes the aid of Beogh against you.
Something smites you!
* * * LOW HITPOINT WARNING * * *
The worm bites you!
You die...
Your body rises from the dead as a mindless zombie.

#.# #...# #.#
# #.# #...#
#.########
#...#####
#.......##
###.#.....#
#######...
#.......#.#
####
#.#####.#.# #
#.##.
####.#.## #
#....#.w)....#
#
##..))o@>##.#
#.##.##.# #
......#
###.#### ...
... .... ..?..


You could see a worm and an orc priest.

Vanquished Creatures
  Terence (D:3)
  A gnoll (D:1)
  4 adders
  An ooze (D:2)
  2 worms
  A giant gecko (D:2)
  3 orcs (D:3)
  2 ball pythons
  2 giant cockroaches
  12 goblins
  5 hobgoblins
  3 jackals (D:3)
  7 bats
  2 giant newts
  8 kobolds
  4 rats
58 creatures vanquished.

Notes
Turn   | Place    | Note
--------------------------------------------------------------
     0 | D:1      | Ace the Demonspawn Fighter began the quest for the Orb.
     0 | D:1      | Reached XP level 1. HP: 18/18 MP: 1/1
   294 | D:1      | Gained mutation: Your flesh is cold resistant. [demonic ancestry]
   294 | D:1      | Reached XP level 2. HP: 24/24 MP: 2/2
   736 | D:1      | Reached XP level 3. HP: 26/29 MP: 3/3
   790 | D:1      | Found a glowing golden altar of the Shining One.
  1407 | D:2      | Found a shattered altar of Ashenzari.
  1599 | D:2      | Found a basalt altar of Yredelemnul.
  1610 | D:2      | Became a worshipper of Yredelemnul the Dark
  1640 | D:2      | Gained mutation: You are surrounded by a mild repulsion field (EV +2). [demonic ancestry]
  1640 | D:2      | Reached XP level 4. HP: 20/37 MP: 4/4
  1892 | D:2      | Reached skill level 4 in Fighting
  3041 | D:3      | Noticed Terence
  3062 | D:3      | Killed Terence
  3105 | D:3      | Gained mutation: You have a pair of small antennae on your head. [demonic ancestry]
  3105 | D:3      | Reached XP level 5. HP: 35/42 MP: 5/5
  3223 | D:3      | Slain by a worm

Vault maps used:
D:1:      dpeg_arrival_solitude, minmay_misc_feat_rugged,
          hangedman_decor_growths, serial_bayou_pond_e, tso_metal_star
D:2:      lemuel_crystal_altar, ashenzari_conservatory_becter
D:3:      minmay_mini_jars, uniq_grinder, uniq_terence

Action                   |  1- 3 |  4- 6 || total
-------------------------+-------+-------++-------
Melee: War axe           |    96 |    88 ||   184
  Eat: Chunk             |     2 |     5 ||     7
